 Dungeon Crawl Stone Soup version 0.29-a0-275-g389c0b56f3 (webtiles) character file.

Game seed: 17429558266833254116

342 KlausPeter the Chopper (level 6, -2/55 HPs)
             Began as a Hill Orc Berserker on Mar 9, 2022.
             Was a Priest of Trog.
             Slain by an orc warrior
             ... wielding a +0 scimitar
              (8 damage)
             ... on level 7 of the Dungeon on Mar 10, 2022.
             The game lasted 00:20:47 (3715 turns).

KlausPeter the Chopper (Hill Orc Berserker)         Turns: 3715, Time: 00:20:47

Health: -2/55      AC:  4    Str: 28    XL:     6   Next: 57%
Magic:  0/6        EV: 12    Int:  7    God:    Trog [***...]
Gold:   265        SH:  0    Dex: 16    Spells: 5/5 levels left

rFire   . . .      SeeInvis .   A - +8 hunting sling of the Bouncing Loafs {flame, rElec}
rCold   + . .      Faith    .   (no shield)
rNeg    . . .      Spirit   +   I - +0 leather armour {rC+}
rPois   .          Reflect  .   (no helmet)
rElec   +          Harm     .   (no cloak)
rCorr   .          Rampage  .   (no gloves)
Will    .....                   D - +0 pair of boots
Stlth   ++........              r - amulet of guardian spirit
HPRegen 0.18/turn               j - +6 ring of strength
MPRegen 0.10/turn               p - +6 ring of dexterity

@: no status effects
A: no striking features
a: Renounce Religion, Berserk, Trog's Hand


You were on level 7 of the Dungeon.
You worshipped Trog.
Trog was most pleased with you.
You visited 1 branch of the dungeon, and saw 5 of its levels.

You collected 265 gold pieces.

Inventory:

Hand Weapons
 a - a +0 hand axe
 e - a +0 spear
 f - a +0 club
 l - a +0 short sword
 q - a +0 long sword
 s - a +0 club
 t - a +0 club
 u - a +0 falchion
 y - a +0 hand axe
 z - a +0 hunting sling
 A - the +8 hunting sling of the Bouncing Loafs (weapon) {flame, rElec}
   (You found it on level 2 of the Dungeon)

   Any ammunition fired from it burns those it strikes, dealing additional fire
   damage.
   rElec:     It insulates you from electricity.
 C - a +2 dagger of draining
 O - a +0 war axe
 R - a +0 battleaxe
Missiles
 d - 115 stones (quivered)
Armour
 b - a +0 animal skin
 g - a +0 robe
 h - a +0 ring mail
 i - a +0 leather armour
 n - a +0 robe
 B - a +0 robe
 D - a +0 pair of boots (worn)
 G - a +0 ring mail
 H - a +0 scale mail
 I - a +0 leather armour of cold resistance (worn)
Jewellery
 j - a +6 ring of strength (left hand)
 p - a +6 ring of dexterity (right hand)
 r - an amulet of guardian spirit (around neck)
Scrolls
 c - 4 scrolls of teleportation {unknown}
 m - 5 scrolls of identify {unknown}
 v - a scroll of vulnerability {unknown}
 x - a scroll of noise {unknown}
 K - a scroll of holy word {unknown}
 L - a scroll of enchant weapon {unknown}
 M - 2 scrolls of acquirement {unknown}
 N - a scroll of summoning {unknown}
 Q - a scroll of silence {unknown}
 S - a scroll of amnesia {unknown}
Potions
 k - a potion of mutation {unknown}
 o - a potion of resistance {unknown}
 w - a potion of degeneration {unknown}
 E - 2 potions of ambrosia {unknown}
 F - 3 potions of lignification {unknown}
 J - 2 potions of curing {unknown}
 P - a potion of brilliance {unknown}


   Skills:
 + Level 4.8 Fighting
 + Level 5.3 Axes
 + Level 3.4 Slings
 + Level 3.4 Armour
 + Level 2.0 Dodging
 + Level 0.8 Stealth


You had 5 spell levels left.
You didn't know any spells.
Your spell library was empty.

Dungeon Overview and Level Annotations

Branches:
Dungeon (4/15)             Temple (0/1) D:7

Altars:


Message History

No action selected
Press: ? - help, Q - select action, (/) - cycle Dir - look around, f - activate Look: an electric eel (water, lightly wounded) Throw: 116 stones
Press: ? - help, Q - select action, (/) - cycle Shift-Dir - straight line, f/p - electric eel
Aim: an electric eel (water, lightly wounded, 46% to hit)
You throw a stone. The stone hits the electric eel.
The electric eel is moderately wounded.
You hear a splash.
A nearby plant withers and dies.
The electric eel shoots out a bolt of lightning at you!
The bolt of electricity misses you.
You shoot a sling bullet.
The sling bullet closely misses the orc.
You shoot a sling bullet. The sling bullet hits the orc.
The sling bullet burns the orc.
You kill the orc!
Trog accepts your kill.
A nearby plant withers and dies. x2
The electric eel shoots out a bolt of lightning at you!
The bolt of electricity hits you. You resist.
The electric eel shoots out a bolt of lightning at you!
The bolt of electricity hits you. You resist.
The electric eel shoots out a bolt of lightning at you!
The bolt of electricity hits the plant!
The plant begins to die.
The bolt of electricity hits you. You resist.
You shoot a sling bullet. The sling bullet hits the orc warrior.
The sling bullet burns the orc warrior.
The orc warrior is lightly wounded.
You shoot a sling bullet. The sling bullet hits the orc warrior.
The sling bullet burns the orc warrior.
The orc warrior is moderately wounded.
The orc warrior hits you with a +0 scimitar!! x2
* * * LOW HITPOINT WARNING * * *
The orc warrior attacks as you move away!
The orc warrior barely misses you.
A nearby plant withers and dies.
The orc warrior attacks as you move away!
The orc warrior hits you with a +0 scimitar!
You die...

≈≈≈≈♣.#############≈≈.PP.
≈≈≈≈♣.. ................
≈≈≈≈♣.## #..............
≈≈≈≈♣..# #..........#####
≈♣≈≈..<####....>..##.....# .
♣......##............#...# ..
..........#......♣.♣.#...####...
.......####.......>..#..........
......## #.....@♣.♣............
.......# #######o.....<.........
...P.PP.....#..o..#.#...........
...P≈P..P...........#...........
...P≈PPP.P≈.........##..........
...P.≈ ≈P≈≈.o)....##..........
≈♣≈PP......##.....#####
≈≈♣≈≈≈..P..#....#.#
≈≈≈♣≈≈≈SPP.#..###.#


You could see an orc warrior and 2 orcs.

Vanquished Creatures
  A scorpion (D:4)
  2 electric eels (D:7)
  An orc priest (D:4)
  6 adders
  A shadow imp (D:7)
  3 worms
  12 dart slugs
  12 orcs
  6 endoplasms
  2 giant cockroaches (D:2)
  3 goblins
  6 hobgoblins
  7 quokkas
  2 ball pythons (D:1)
  2 bats (D:3)
  3 frilled lizards
  7 kobolds
  4 rats
80 creatures vanquished.

Vanquished Creatures (others)
  9 plants (D:7)
9 creatures vanquished.

Grand Total: 89 creatures vanquished

Notes
Turn   | Place    | Note
-------+----------+-------------------------------------------
     0 | D:1      | KlausPeter the Hill Orc Berserker began the quest for the
                  | Orb.
     0 | D:1      | Reached XP level 1. HP: 19/19 MP: 1/1
   243 | D:1      | Reached XP level 2. HP: 23/27 MP: 2/2
  1479 | D:2      | Reached XP level 3. HP: 32/33 MP: 3/3
  1645 | D:2      | Reached ** piety under Trog
  1970 | D:2      | Reached XP level 4. HP: 30/41 MP: 4/4
  1973 | D:2      | Reached skill level 5 in Axes
  2113 | D:2      | Identified the +8 hunting sling of the Bouncing Loafs
                  | {flame, rElec}
  2975 | D:3      | Reached XP level 5. HP: 47/47 MP: 5/5
  2991 | D:3      | Reached skill level 1 in Slings
  3348 | D:3      | Found a faded altar of an unknown god.
  3414 | D:4      | Reached *** piety under Trog
  3596 | D:4      | Reached XP level 6. HP: 55/55 MP: 6/6
  3610 | D:4      | You fall into a shaft and drop 3 floors!
  3662 | D:7      | Found a staircase to the Ecumenical Temple.
  3701 | D:7      | Noticed an orc warrior
  3715 | D:7      | Slain by an orc warrior

Illustrated notes

Levels and vault maps discovered:
D:1:      heliophobic_arrival_ceremonial_halls, layout_basic
D:2:      layout_loops_ring, minmay_tromino_i4
D:3:      kennysheep_slugbush, layout_rooms, nicolae_overflow_ecumenical_swirl
D:4:      layout_cave_pools, chei_slow_surprise
D:7:      layout_rooms, nicolae_overflow_crystal_walls, general_overflow_altar,
          evilmike_ruin_ashenzari, vehumet_altar_wand_db,
          gammafunk_temple_overflow_pools, minmay_temple_entry_trees,
          serial_bayou, serial_bayou_lagoon_a, serial_bayou_ford_a,
          serial_bayou_shore_a, serial_bayou_shore_b, nicolae_shop_firing_range,
          uniq_pikel

Skill      XL: |  1  2  3  4  5  6 |
---------------+-------------------+-----
Fighting       | 4 |  4.8
Axes           | 5 |  5.3
Armour         | 3 |  3.4
Slings         | 2 3 |  3.4
Dodging        | 2 |  2.0
Stealth        | |  0.8

Action                   |  1- 3 |  4- 6 || total
-------------------------+-------+-------++-------
Melee: Hand axe          |    96 |    40 ||   136
       Punch             |       |     4 ||     4
 Fire: Hunting sling     |       |    99 ||    99
Throw: Stone             |       |     1 ||     1
Armor: Ring mail         |    24 |    11 ||    35
       Leather armour    |       |     5 ||     5
Dodge: Dodged            |    56 |    43 ||    99

Table legend: (Time is in decaauts)
 A = Elapsed time spent in this place.
 B = Non-inter-level travel time spent in this place.
 C = Inter-level travel time spent in this place.
 D = Time resting spent in this place.
 E = Time spent auto-exploring this place.
 F = Levels seen in this place.
 G = Mean time per level.
                   A        B        C        D        E       F      G
               +--------+--------+--------+--------+--------+-----+--------+
         Total |   3774 |   3583 |    191 |    639 |   1909 |   5 |  754.8 |
       Dungeon |   3774 |   3583 |    191 |    639 |   1909 |   5 |  754.8 |
               +--------+--------+--------+--------+--------+-----+--------+

Top non-repeatable levels by time:
     D:1: 1339 daAuts
     D:2: 1264 daAuts
     D:3: 841 daAuts
     D:4: 218 daAuts
     D:7: 110 daAuts
